 Dungeon Crawl Stone Soup version 0.29.0-5-ge4962eb29e (webtiles) character file.

Game seed: 12162100668632464190

352 Strat the Poker (level 6, -2/48 HPs)
             Began as a Formicid Cinder Acolyte on Aug 29, 2022.
             Was a High Priest of Ignis.
             Slain by a scorpion zombie (5 damage)
             ... in an ossuary.
             The game lasted 00:11:36 (4488 turns).

Strat the Poker (Formicid Cinder Acolyte)           Turns: 4488, Time: 00:11:37

Health: -2/48      AC:  4    Str: 19    XL:     6   Next: 93%
Magic:  2/7        EV: 10    Int: 19    God:    Ignis [*****.]
Gold:   85         SH:  4    Dex: 11    Spells: 5/7 levels left

rFire   + . .      SeeInvis +   a - +0 trident
rCold   + . .      Faith    .   r - +0 buckler
rNeg    . . .      Spirit   .   i - +0 leather armour
rPois   .          Reflect  .   (helmet unavailable)
rElec   .          Harm     .   (no cloak)
rCorr   .          Rampage  .   (no gloves)
Will    .....                   l - +0 pair of boots
Stlth   +.........              (no amulet)
HPRegen 0.16/turn               f - ring of protection from cold
MPRegen 0.10/turn               o - +6 ring of intelligence

@: very slightly contaminated
A: permanent stasis, dig shafts and tunnels, antennae 3, four strong arms
a: Dig, Renounce Religion, Fiery Armour, Foxfire Swarm, Rising Flame


You were in an ossuary.
You worshipped Ignis.
Ignis was extremely pleased with you.
You visited 1 branch of the dungeon, and saw 4 of its levels.
You also visited: Ossuary.

You collected 85 gold pieces.

Inventory:

Hand Weapons
 a - a +0 trident (weapon)
 b - a +0 sling
 q - a -1 spear of flaming
Armour
 i - a +0 leather armour (worn)
 l - a +0 pair of boots (worn)
 r - a +0 buckler (worn)
Jewellery
 f - a ring of protection from cold (left hand)
 o - a +6 ring of intelligence (right hand)
Scrolls
 d - a scroll of teleportation
 g - a scroll of amnesia
 j - 3 scrolls of butterflies
Potions
 e - a potion of curing
 n - 2 potions of haste
 s - a potion of magic
 t - a potion of brilliance {unknown}
 u - 2 potions of berserk rage {unknown}
 v - 2 potions of degeneration {unknown}


   Skills:
 - Level 4.0 Fighting
 * Level 6.3 Polearms
 + Level 3.2 Shields
 - Level 1.1 Spellcasting
 - Level 3.0 Fire Magic


You had 5 spell levels left.
You knew the following spells:

 Your Spells              Type           Power      Damage    Failure   Level
a - Scorch                Fire           24%        2d6       12%         2

Your spell library contained the following spells:

 Spells                   Type           Power      Damage    Failure   Level
 Gell's Gravitas          Tloc           1%         N/A       63%         3
 Lesser Beckoning         Tloc           1%         N/A       63%         3
 Teleport Other           Tloc           1%         N/A       63%         3
 Manifold Assault         Tloc           1%         N/A       100%        5
 Blink                    Tloc           Unusable   N/A       N/A         2

Dungeon Overview and Level Annotations

Branches:
Dungeon (4/15)             Temple (0/1) D:4         Ossuary (1/1)

Altars:
Gozag
Makhleb
Uskayaw
Xom

Shops:
D:1 (((


Innate Abilities, Weirdness & Mutations

You cannot be hasted, slowed, berserked, paralysed or teleported.
You can dig through walls and to a lower floor.
You have a pair of large antennae on your head. (SInv)
Your four strong arms can wield two-handed weapons with a shield.


Message History

The scorpion zombie is moderately damaged.
The scorpion zombie closely misses you.
You hit the scorpion zombie.
The scorpion zombie is heavily damaged.
The scorpion zombie misses you.
You hit the scorpion zombie but do no damage.
The scorpion zombie is heavily damaged.
The scorpion zombie hits you.
* * * LOW HITPOINT WARNING * * *
You hit the scorpion zombie.
The scorpion zombie is heavily damaged.
You block the scorpion zombie's attack.
Casting: Scorch (safe; 12% risk of failure)
Confirm with . or Enter, or press ? or * to list all spells.
You miscast Scorch.
You are very lightly contaminated with residual magic.
Nothing appears to happen.
The scorpion zombie barely misses you.
You puncture the scorpion zombie!
The scorpion zombie is severely damaged.
The scorpion zombie hits you.
* * * LOW HITPOINT WARNING * * *
You hit the scorpion zombie.
The scorpion zombie is almost destroyed.
The scorpion zombie hits you.
* * * LOW HITPOINT WARNING * * *
You hit the scorpion zombie but do no damage.
The scorpion zombie is almost destroyed.
The scorpion zombie hits you.
* * * LOW HITPOINT WARNING * * *
You hit the scorpion zombie.
The scorpion zombie is almost destroyed.
The scorpion zombie hits you.
* * * LOW HITPOINT WARNING * * *
You barely miss the scorpion zombie.
The scorpion zombie is almost destroyed.
The scorpion zombie barely misses you.
You barely miss the scorpion zombie.
The scorpion zombie is almost destroyed.
The scorpion zombie hits you.
You die...

#..'......# #.....
#..'......## ##.....
#..#.......## ##......
####........###
###.......
#.....8....#####....8....
#....8#8.....'.....8#8...
#.....8......'......8....
##...........'...........
##.....@...###.........#
##....Z...# #........##
########## ##########


You could see a scorpion zombie.

Vanquished Creatures
  A water moccasin zombie (Ossuary)
  3 centaur zombies (Ossuary)
  A scorpion zombie (Ossuary)
  An ogre zombie (Ossuary)
  Robin (D:2)
  5 adders
  3 adder zombies (Ossuary)
  3 dart slugs
  An orc (D:3)
  5 bats
  3 endoplasms (D:1)
  A giant cockroach (D:1)
  14 goblins
  7 hobgoblins
  3 quokkas
  6 ball pythons
  4 frilled lizards
  5 gnoll zombies (Ossuary)
  5 goblin zombies
  3 hobgoblin zombies (Ossuary)
  8 kobolds
  2 orc zombies (Ossuary)
  3 rats
  A rat zombie (D:4)
89 creatures vanquished.

Vanquished Creatures (collateral kills)
  An orc (D:4)
1 creature vanquished.

Vanquished Creatures (others)
  A fungus (D:1)
  6 plants (D:1)
7 creatures vanquished.

Grand Total: 97 creatures vanquished

Notes
Turn   | Place    | Note
-------+----------+-------------------------------------------
     0 | D:1      | Strat the Formicid Cinder Acolyte began the quest for the
                  | Orb.
     0 | D:1      | Reached XP level 1. HP: 18/18 MP: 2/2
   242 | D:1      | Reached XP level 2. HP: 21/24 MP: 3/3
   311 | D:1      | Found Jeylaist's Weapon Shoppe.
   362 | D:1      | Found Gidadd's Weapon Boutique.
   975 | D:1      | Found a faded altar of an unknown god.
  1030 | D:1      | Reached XP level 3. HP: 30/30 MP: 4/4
  1095 | D:1      | Found Ibu Tuli's Weapon Emporium.
  1205 | D:1      | Found Soownuh's Jewellery Emporium.
  1677 | D:2      | Reached skill level 4 in Polearms
  2004 | D:2      | Learned a level 2 spell: Scorch
  2017 | D:2      | Reached XP level 4. HP: 33/37 MP: 5/5
  2633 | D:2      | Noticed Robin
  2656 | D:2      | Killed Robin
  3121 | D:3      | Reached XP level 5. HP: 40/42 MP: 6/6
  3153 | D:3      | Reached skill level 5 in Polearms
  3504 | D:3      | Found a burning altar of Makhleb.
  3504 | D:3      | Found an opulent altar of Gozag.
  3734 | D:3      | Found a hide-covered altar of Uskayaw.
  3735 | D:3      | Found a shimmering altar of Xom.
  3874 | D:4      | Found a sand-covered staircase.
  3903 | Ossuary  | Entered an ossuary
  3963 | Ossuary  | Reached skill level 1 in Shields
  4126 | Ossuary  | Reached XP level 6. HP: 18/48 MP: 4/7
  4363 | Ossuary  | Reached skill level 6 in Polearms
  4486 | Ossuary  | HP: 2/48 [scorpion zombie (3)]
  4488 | Ossuary  | Slain by a scorpion zombie

Illustrated notes

Levels and vault maps discovered:
D:1:      dpeg_arrival_tiny_i, layout_rooms, serial_shops, shop, shop,
          nicolae_diamond_shop, nicolae_shop_trees,
          shapermc_ecumenical_altar_mp_ritualfount
D:2:      layout_loops_cross, minmay_misc_feat_ornament,
          kennysheep_small_spiral, nicolae_hexahallways, uniq_robin
D:3:      layout_rooms, mainiacjoe_overflow_alcove_3
D:4:      layout_cave_pools, minmay_temple_entry_mist, enter_ossuary_4
Ossuary:  ossuary_hellmonk_silent_tomb

Skill      XL: |  1  2  3  4  5  6 |
---------------+-------------------+-----
Polearms       | 4 5 6 |  6.3
Fighting       | 4 |  4.0
Shields        | 1 3 |  3.2
Spellcasting   | |  1.1
Fire Magic     | |  3.0

Action                   |  1- 3 |  4- 6 || total
-------------------------+-------+-------++-------
Melee: Spear             |   103 |       ||   103
       Trident           |       |   228 ||   228
 Fire: Sling             |     9 |       ||     9
 Cast: Scorch            |       |    15 ||    15
  Use: Scroll            |       |    10 ||    10
       Potion            |       |     1 ||     1
Armor: Robe              |     8 |       ||     8
       Leather armour    |     5 |    97 ||   102
Dodge: Dodged            |    39 |   171 ||   210
Block: Buckler           |       |    39 ||    39
